 Dungeon Crawl Stone Soup version 0.29-a0-451-gfbfa42419e (webtiles) character file.

Game seed: 8633101529979647654

53 Sobieck the Conjurer (level 3, -1/29 HPs)
             Began as a Draconian Conjurer on May 19, 2022.
             Killed by divine providence
             ... invoked by an orc priest
              (13 damage)
             ... on level 4 of the Dungeon.
             The game lasted 00:03:42 (1680 turns).

Sobieck the Conjurer (Draconian Conjurer)           Turns: 1680, Time: 00:03:43

Health: -1/29      AC:  5    Str:  9    XL:     3   Next: 62%
Magic:  6/6        EV: 27    Int: 20    God:
Gold:   105        SH:  0    Dex:  9    Spells: 3/6 levels left

rFire   . . .      SeeInvis .   m - +1 dagger (elec) {short}
rCold   . . .      Faith    .   (no shield)
rNeg    . . .      Spirit   .   (body armour unavailable)
rPois   .          Reflect  .   (helmet restricted)
rElec   .          Harm     .   (no cloak)
rCorr   .          Rampage  .   (no gloves)
Will    .....                   (no boots)
Stlth   ++........              l - amulet of the acrobat
HPRegen 0.09/turn               (no ring)
MPRegen 0.10/turn               (no ring)

@: acrobatic
A: AC +5, unfitting armour, cold-blooded
a: no special abilities


You were on level 4 of the Dungeon.
You visited 1 branch of the dungeon, and saw 3 of its levels.

You collected 105 gold pieces.


Innate Abilities, Weirdness & Mutations

Your plain brown scales are hard. (AC +5)
You cannot fit into any form of body armour.
You are cold-blooded and may be slowed by cold attacks.


   Skills:
 + Level 1.9 Fighting
 - Level 1.7 Dodging
 - Level 1.7 Stealth
 - Level 2.0 Spellcasting
 - Level 5.0 Conjurations


You had 3 spell levels left.
You knew the following spells:

 Your Spells              Type           Power      Damage    Failure   Level
a - Magic Dart            Conj           88%        1d7       1%          1
b - Searing Ray           Conj           44%        2d6       3%          2

Your spell library contained the following spells:

 Spells                   Type           Power      Damage    Failure   Level
 Dazzling Flash           Conj/Hex       24%        N/A       17%         3
 Ensorcelled Hibernation  Hex/Ice        4%         N/A       24%         2
 Spider Form              Tmut/Pois      2%         N/A       43%         3
 Fulminant Prism          Conj/Hex       6%         3d7       50%         4
 Iskenderun's Mystic Bla  Conj/Tloc      12%        2d5       50%         4
 Anguish                  Hex/Necr       1%         N/A       83%         4

Inventory:

Hand Weapons
 c - a +0 club {mace}
   (You took it off a kobold on level 1 of the Dungeon)
 e - a +0 whip {mace}
   (You took it off a kobold on level 1 of the Dungeon)
 m - a +1 dagger of electrocution (weapon) {short}
   (You took it off a goblin on level 2 of the Dungeon)
Missiles
 i - 17 stones {throwing}
Jewellery
 l - an amulet of the acrobat (around neck)
   (You found it on level 2 of the Dungeon)
Scrolls
 b - a scroll of blinking {unknown}
 g - 2 scrolls of identify {unknown}
 n - a scroll of enchant armour {unknown}
Potions
 a - 2 potions of magic
 d - a potion of mutation {unknown}
 f - a potion of lignification {unknown}
 h - a potion of berserk rage {unknown}
 j - a potion of flight {unknown}
 k - a potion of curing {unknown}

Dungeon Overview and Level Annotations

Branches:
Dungeon (2/15)

Altars:
Xom

##### #.#.# #######
###...##
##.....####...#..#
#..).@...#...##..#
#.............#......#
#.....##.##.........).
#...............#......
#...#o...###.##..#...##.
....#....# ###...#....
... .o.... ....##.... .g
#o..... .....# ..g.. ..!


You could see an orc priest, 2 orcs and a hobgoblin.


Message History

Unknown command.
As you open the door, it creaks loudly!
Unknown command.
There is an open door here.
You open the door.
There is an open door here.
An adder comes into view.
Danger!
The magic dart hits the adder.
The adder hisses angrily.
The magic dart hits the adder.
The magic dart hits the adder.
You kill the adder!
Unknown command.
A goblin comes into view.
It is wielding a +1 dagger of electrocution.
The goblin shouts!
Danger!
The magic dart hits the goblin!
You kill the goblin!
You can't see any susceptible monsters within range! (Use Z to cast anyway.) Unknown command.
l - an amulet of the acrobat Unknown command.
You start putting on your amulet.
You continue putting on your amulet of the acrobat. x5
You finish putting on your amulet of the acrobat.
You feel ready to tumble and roll out of harm's way.
l - an amulet of the acrobat (around neck) Unknown command.
m - a +1 dagger of electrocution {short} Unknown command.
A hobgoblin comes into view.
Found a stone staircase leading down.
Danger!
Okay, then.
The magic dart hits the hobgoblin.
The hobgoblin shouts!
You hear an angry hiss.
A frilled lizard comes into view.
Unknown command.
The magic dart hits the frilled lizard.
The magic dart hits the hobgoblin.
You kill the hobgoblin!
Unknown command.
The magic dart hits the frilled lizard.
You kill the frilled lizard!
Unknown command.
You hear the crackle of electricity.
m - a +1 dagger of electrocution (weapon)
{short} Unknown command.
You see here a hobgoblin corpse.
Found an escape hatch in the ceiling.
Unknown command.
A ball python comes into view.
Danger!
The magic dart hits the ball python!
You kill the ball python!
Unknown command.
Key pressed, stopping explore.
Unknown command.
You open the door.
There is an open door here.
You open the door.
There is an open door here.
A frilled lizard comes into view.
The frilled lizard hisses angrily.
Danger!
The magic dart hits the frilled lizard!
You kill the frilled lizard!
Unknown command.
Found a stone staircase leading down.
Unknown command.
n - a scroll labelled KOOSON POXTEDU Unknown command.
There is a stone staircase leading down here.
a - 2 potions of magic (gained 1)
You open the door.
There is an open door here.
A sourceless malevolence fills the Dungeon...
You fall into a shaft and drop 2 floors!
The shaft crumbles and collapses.
A hobgoblin and an ogre come into view.
Danger!
An orc and an orc priest come into view.
The orc priest shouts!
You hear a shout!
An orc comes into view. It is wielding a +0 flail.
The orc priest mumbles some strange prayers to Beogh against you.
Beogh smites you!
Danger!
An orc comes into view. It is wielding a +0 hand axe.
The orc priest mumbles some strange prayers to Beogh against you.
Beogh smites you!
* * * LOW HITPOINT WARNING * * *
You hear a shout!
Unknown command.
You are too injured to fight recklessly!
Unknown command.
A hobgoblin comes into view.
The orc priest invokes the aid of Beogh against you.
Beogh smites you!
You die...

Skill      XL: |  1  2  3 |
---------------+----------+-----
Conjurations   | 5 |  5.0
Fighting       | 1 |  1.9
Dodging        | |  1.7
Stealth        | |  1.7
Spellcasting   | |  2.0

Action                   || total
-------------------------++-------
Melee: Whip              ||    14
       Tailslap          ||     4
 Cast: Magic Dart        ||    60
Armor: Skin              ||     7
Dodge: Dodged            ||    19

Levels and vault maps discovered:
D:1:      lightli_arrival_boilingwater, layout_basic,
          shapermc_ecumenical_altar_mp_ritualfount
D:2:      layout_basic, basic_altar, serial_park_tiny_2, minmay_misc_feat_rows,
          st_stairs_3, minmay_misc_feat_iff, hangedman_decor_opposing,
          minmay_misc_feat_room, kennysheep_decorative_pillar, minivault_25
D:4:      layout_cave_pools, mainiacjoe_overflow_tiny_flanked

Notes
Turn   | Place    | Note
-------+----------+-------------------------------------------
     0 | D:1      | Sobieck the Draconian Conjurer began the quest for the Orb.
     0 | D:1      | Reached XP level 1. HP: 14/14 MP: 3/3
   281 | D:1      | Reached XP level 2. HP: 20/20 MP: 0/5
   460 | D:1      | Found a faded altar of an unknown god.
   672 | D:1      | Learned a level 2 spell: Searing Ray
   897 | D:1      | Reached skill level 5 in Conjurations
  1078 | D:2      | Reached XP level 3. HP: 26/26 MP: 2/6
  1128 | D:2      | Found a shimmering altar of Xom.
  1141 | D:2      | Reached skill level 1 in Fighting
  1206 | D:2      | You pick up a book of Dreams and begin reading...
  1206 | D:2      | You add the spells Ensorcelled Hibernation, Spider Form and
                  | Anguish to your library.
  1665 | D:2      | You fall into a shaft and drop 2 floors!
  1668 | D:4      | Noticed an ogre
  1680 | D:4      | Killed from afar by an orc priest

Vanquished Creatures
  2 adders (D:2)
  2 dart slugs (D:1)
  2 giant cockroaches (D:1)
  3 hobgoblins
  4 kobolds
  4 ball pythons
  2 bats (D:1)
  3 frilled lizards
  7 goblins
  4 rats
33 creatures vanquished.

Table legend:
 A = Non-vault XP
 B = Vault XP
 C = Vault XP percentage of total XP
 D = Non-vault monster count
 E = Vault monster count
 F = Vault count percentage of total count
                 A         B        C        D         E       F
            +---------+---------+-------+---------+---------+-------
      Total |      73 |       3 |   3.9 |      31 |       2 |   6.1
            +---------+---------+-------+---------+---------+-------
        D:1 |      39 |       0 |   0.0 |      23 |       0 |   0.0
        D:2 |      34 |       3 |   8.1 |       8 |       2 |  20.0
            +---------+---------+-------+---------+---------+-------

Illustrated notes

Table legend:
 A = Kills in this place as a percentage of kills in entire the game.
 B = Kills by you in this place as a percentage of kills by you in the entire game.
 C = Kills by friends in this place as a percentage of kills by friends in the entire game.
 D = Other kills in this place as a percentage of other kills in the entire game.
 E = Experience gained in this place as a percentage of experience gained in the entire game.
 F = Experience gained in this place divided by the number of levels of this place that you have seen.
                   A       B       C       D       E      F
               +-------+-------+-------+-------+-------+----------------------
         Total | 100.0 | 100.0 |   N/A |   N/A | 100.0 |  25.3
       Dungeon | 100.0 | 100.0 |   N/A |   N/A | 100.0 |  25.3
               +-------+-------+-------+-------+-------+----------------------

Table legend: (Time is in decaauts)
 A = Elapsed time spent in this place.
 B = Non-inter-level travel time spent in this place.
 C = Inter-level travel time spent in this place.
 D = Time resting spent in this place.
 E = Time spent auto-exploring this place.
 F = Levels seen in this place.
 G = Mean time per level.
                   A        B        C        D        E       F      G
               +--------+--------+--------+--------+--------+-----+--------+
         Total |   1681 |   1676 |      5 |    160 |   1325 |   3 |  560.3 |
       Dungeon |   1681 |   1676 |      5 |    160 |   1325 |   3 |  560.3 |
               +--------+--------+--------+--------+--------+-----+--------+

Top non-repeatable levels by time:
     D:1: 1040 daAuts
     D:2: 626 daAuts
     D:4: 14 daAuts
